 Dungeon Crawl Stone Soup version 0.20-a0-1040-gfd09691 (webtiles) character file.

560 Gorglomux the Grappler (level 7, 0/57 HPs)
             Began as a Ghoul Chaos Knight on Apr 23, 2017.
             Slain by a bullfrog (5 damage)
             ... in a sewer.
             The game lasted 00:06:55 (3469 turns).

Gorglomux the Grappler (Ghoul Chaos Knight)         Turns: 3469, Time: 00:06:58

Health: 0/57       AC:  5    Str: 19 (21) XL:     7   Next: 31%
Magic:  6/6        EV: 13    Int:  6 (7)  God:    Xom [..*...]
Gold:   189        SH:  0    Dex: 14 (15) Spells: 6/6 levels left

rFire    . . .     SeeInvis +     - Unarmed
rCold    + . .     Gourm    .   (no shield)
rNeg     + + +     Faith    .   a - +2 leather armour
rPois    ∞         Spirit   .   (no helmet)
rElec    .         Reflect  .   (no cloak)
rCorr    .         Harm     .   (no gloves)
MR       .....                  (no boots)
Stlth    +.........             (no amulet)
Regen    0.0/turn               A - ring of positive energy {rN+}
MPRegen  0.1/turn               z - ring of see invisible {sInv, !d}

@: mighty, agile, rotting, hasted, constricted, slow
A: rotting body, claws 1, carnivore 3, cold resistance 1, negative energy
resistance 3, inhibited regeneration, torment resistance, unbreathing
a: Renounce Religion


You were in a sewer.
You worshipped Xom.
You were a toy of Xom.
You were not hungry.

You visited 2 branches of the dungeon, and saw 6 of its levels.
You also visited: Sewer.

You collected 189 gold pieces.

Inventory:

Armour
 a - a +2 leather armour (worn)
Jewellery
 w - an uncursed amulet of the gourmand {unknown}
   (You found it on level 4 of the Dungeon)
 z - a ring of see invisible (right claw) {sInv, !d}
   (You found it on level 4 of the Dungeon)
 A - a ring of positive energy (left claw) {rN+}
   (You found it on level 4 of the Dungeon)
 E - a +6 amulet of reflection {unknown}
   (You found it in a sewer)
Scrolls
 d - 7 scrolls of identify {unknown}
 e - 2 scrolls of fog {unknown}
 h - a scroll of enchant weapon {unknown}
 i - a scroll of enchant armour {unknown}
 k - 4 scrolls of remove curse {unknown}
 n - a scroll of noise {unknown}
 o - 2 scrolls of blinking {unknown}
 p - 2 scrolls of recharging {unknown}
 r - 3 scrolls of teleportation {unknown}
 s - a scroll of fear {unknown}
 y - a scroll of immolation {unknown}
 B - 2 scrolls of magic mapping {unknown}
Potions
 g - 5 potions of brilliance
 j - a potion of degeneration {!q}
 l - a potion of lignification {unknown}
 m - a potion of heal wounds {unknown}
 q - a potion of curing {unknown}
 u - a potion of invisibility {unknown}
 x - a potion of haste
Books
 v - a book of Air
   (You found it on level 4 of the Dungeon)
Comestibles
 b - 2 meat rations {@e2@e2}
 f - 2 royal jellies
 D - 10 chunks of flesh {@w0@w0}


   Skills:
 - Level 3.2 Fighting
 - Level 1.7 Armour
 - Level 0.8 Dodging
 + Level 9.0 Unarmed Combat


You had 6 spell levels left.
You didn't know any spells.

Dungeon Overview and Level Annotations

Branches:
Dungeon (5/15)             Temple (1/1) D:4

Altars:
Cheibriados
Makhleb
Nemelex Xobeh
Qazlal
Sif Muna
Zin


Innate Abilities, Weirdness & Mutations

Your body is rotting away.
You thrive on raw meat.
You are immune to poison.
You have sharp fingernails.
You are carnivorous and can eat meat at any time.
Your flesh is cold resistant. (rC+)
You are immune to negative energy. (rN+++)
You do not regenerate when monsters are visible.
You are immune to unholy pain and torment.
You can survive without breathing.


Message History

You take 4 damage, and have 52/57 hp.
You feel yourself speed up. The adder misses you. The adder barely misses you.
The ball python closely misses you. The ball python barely misses you.
The adder barely misses you. The bullfrog hits you! The bullfrog hits you.
The adder barely misses you.
You take 10 damage, and have 42/57 hp.
Unknown command.
Your unstable footing causes you to fumble your attack.
The adder bites you. The bullfrog barely misses you.
The bullfrog closely misses you. The adder bites you but does no damage.
The ball python misses you. The ball python closely misses you.
You take 3 damage, and have 39/57 hp.
You scratch the bullfrog.
Xom plays with reality for a moment.
The adder bites you. The adder barely misses you.
You take 4 damage, and have 35/57 hp.
You barely miss the bullfrog. The bullfrog misses you.
The bullfrog closely misses you. The ball python closely misses you. x2
The adder completely misses you. The ball python barely misses you.
The ball python closely misses you. The adder bites you.
Some of the chunks of flesh in your inventory have rotted away.
You take 5 damage, and have 30/57 hp.
Unknown command.
Your unstable footing causes you to fumble your attack.
The bullfrog misses you.
The bullfrog hits you but does no damage.
The adder bites you but does no damage. The adder closely misses you.
The ball python closely misses you. The ball python grabs you.
The ball python constricts you.
Unknown command.
Your unstable footing causes you to fumble your attack.
The ball python closely misses you. The bullfrog closely misses you.
The adder misses you. The bullfrog closely misses you. The adder misses you.
Unknown command.
You scratch the bullfrog. The adder bites you but does no damage.
The ball python closely misses you. The ball python constricts you.
The bullfrog hits you.
The bullfrog hits you but does no damage.
The ball python bites you. The adder barely misses you.
You take 4 damage, and have 26/57 hp.
Unknown command.
Your unstable footing causes you to fumble your attack.
The adder bites you but does no damage. The adder bites you.
The bullfrog completely misses you. The ball python closely misses you.
The ball python constricts you.
The bullfrog hits you but does no damage.
You take 1 damage, and have 25/57 hp.
Unknown command.
Your unstable footing causes you to fumble your attack.
The adder misses you. The ball python misses you.
The adder bites you but does no damage. x2
The bullfrog hits you but does no damage.
Unknown command.
You barely miss the bullfrog. The bullfrog misses you.
The ball python bites you but does no damage.
The ball python constricts you. The adder barely misses you.
The ball python barely misses you. The adder barely misses you.
Unknown command.
You barely miss the bullfrog. The bullfrog hits you!
The bullfrog closely misses you. The adder bites you but does no damage.
The ball python bites you but does no damage.
* * * LOW HITPOINT WARNING * * *
The ball python constricts you. The adder closely misses you.
You take 8 damage, and have 17/57 hp.
Unknown command.
You claw the bullfrog! The adder barely misses you.
The bullfrog hits you but does no damage.
The ball python misses you. The bullfrog hits you.
* * * LOW HITPOINT WARNING * * *
The adder barely misses you.
You take 3 damage, and have 14/57 hp.
Unknown command.
Your unstable footing causes you to fumble your attack.
The ball python completely misses you. The ball python constricts you.
The bullfrog hits you!
* * * LOW HITPOINT WARNING * * *
The bullfrog hits you but does no damage.
The adder barely misses you. The adder misses you.
You take 8 damage, and have 6/57 hp.
Unknown command.
It was a potion of degeneration.
There was something very wrong with that liquid.
You feel weakened.
You feel dopey.
You feel clumsy.
The bullfrog hits you but does no damage. x2
The ball python completely misses you.
* * * LOW HITPOINT WARNING * * *
The ball python constricts you. The adder closely misses you. x2
The ball python bites you but does no damage.
The adder bites you but does no damage.
You take 1 damage, and have 5/57 hp.
Unknown command.
Unknown command.
It was a potion of might.
You feel very mighty all of a sudden. The bullfrog hits you.
You die...
Xom laughs nastily!

###############
≈≈≈≈≈≈b≈≈≈....#
≈≈..≈≈≈lb≈≈....
≈≈≈b≈≈FSSJ≈....
≈≈≈≈≈≈S@SS≈....
≈≈≈≈≈≈≈FS≈≈....
≈≈≈≈≈≈≈≈≈≈....#
#############+#


You could see 2 bullfrogs, an ooze, 3 adders, 3 ball pythons and a frilled
lizard.

Vanquished Creatures
  A phantom (D:3)
  A howler monkey (D:5)
  2 orc wizards (D:5)
  A bullfrog skeleton (D:4)
  2 worker ants (D:4)
  Natasha (twice) (D:3)
  A river rat (Sewer)
  11 adders
  3 oozes
  A worm (D:2)
  2 dart slugs
  4 leopard geckos
  9 orcs
  9 bats
  8 giant cockroaches
  8 goblins
  4 hobgoblins
  17 jackals
  2 quokkas (D:2)
  6 ball pythons
  5 frilled lizards
  A jackal skeleton (D:5)
  8 kobolds
  22 rats
130 creatures vanquished.

Notes
Turn   | Place    | Note
-------+----------+-------------------------------------------
     0 | D:1      | Gorglomux the Ghoul Chaos Knight began the quest for the Orb.
     0 | D:1      | Reached XP level 1. HP: 19/19 MP: 0/0
    26 | D:1      | XOM: potion effect (haste)
    31 | D:1      | XOM: potion effect (haste)
    82 | D:1      | Reached XP level 2. HP: 18/26 MP: 1/1
   148 | D:1      | Reached skill level 4 in Unarmed Combat
   237 | D:1      | XOM: medium Air miscast
   286 | D:1      | XOM: summons 1 hostile demon
   427 | D:2      | XOM is BORED!
   427 | D:2      | XOM: noise
   428 | D:2      | Found a burning altar of Makhleb.
   494 | D:2      | Reached XP level 3. HP: 29/31 MP: 2/2
   505 | D:2      | XOM: harmless Ice miscast
   648 | D:1      | Reached skill level 5 in Unarmed Combat
   787 | D:1      | XOM: harmless Ice miscast
   812 | D:1      | XOM: medium Summ miscast
   813 | D:1      | Noticed a chaos spawn
   853 | D:2      | Found a glowing silver altar of Zin.
   920 | D:2      | Found a snail-covered altar of Cheibriados.
   965 | D:2      | Reached XP level 4. HP: 31/38 MP: 3/3
  1211 | D:2      | XOM: harmless Fire miscast
  1466 | D:3      | Found a sparkling altar of Nemelex Xobeh.
  1501 | D:3      | XOM: silly message
  1522 | D:3      | Noticed Natasha
  1531 | D:3      | XOM: confusion (+ monsters)
  1551 | D:3      | XOM: harmless Pois miscast
  1558 | D:3      | Killed Natasha
  1558 | D:3      | Reached skill level 6 in Unarmed Combat
  1558 | D:3      | Reached XP level 5. HP: 13/45 MP: 4/4
  1804 | D:3      | Noticed Natasha
  1808 | D:3      | XOM: 1-stop teleportation journey
  1821 | D:3      | Killed Natasha
  1855 | D:3      | Noticed a phantom
  1892 | D:3      | XOM: swap monsters
  1897 | D:3      | Killed a phantom
  1897 | D:3      | Reached skill level 7 in Unarmed Combat
  1897 | D:3      | Reached XP level 6. HP: 19/51 MP: 5/5
  2080 | D:3      | XOM: god gift: 18 arrows
  2300 | D:4      | XOM is BORED!
  2300 | D:4      | XOM: summons 3 hostile demons
  2351 | D:4      | Found a staircase to the Ecumenical Temple.
  2360 | Temple   | Entered the Ecumenical Temple
  2582 | D:4      | Reached skill level 8 in Unarmed Combat
  2663 | D:4      | XOM: confusion (+ monsters)
  3093 | D:5      | Entered Level 5 of the Dungeon
  3119 | D:5      | Reached XP level 7. HP: 36/57 MP: 6/6
  3236 | D:5      | Found a glowing drain.
  3276 | Sewer    | Entered a sewer
  3377 | Sewer    | Reached skill level 9 in Unarmed Combat
  3451 | Sewer    | XOM: 1-stop teleportation journey
  3457 | Sewer    | XOM: cast spell 'Summon Butterflies'
  3466 | Sewer    | HP: 14/57 [bullfrog (3)]
  3467 | Sewer    | HP: 6/57 [bullfrog (8)]
  3469 | Sewer    | Slain by a bullfrog

Vault maps used:
D:1:      doesnt_arrival_eight_statues, kennysheep_flooded_box,
          lemuel_old_faithful
D:2:      zin_statuary, kennysheep_slug_shrine, nicolae_overflow_hidden_temple
D:3:      old_standard_altar, uniq_natasha
D:4:      minmay_temple_entry_purple_smoke, serial_column_ruins,
          column_ruins_open_tiny, column_ruins_open_small,
          column_ruins_open_tiny, column_ruins_corridor_T,
          column_ruins_open_tiny, column_ruins_open_small, column_ruins_grid_1,
          first_bread, minmay_joined_circles
D:5:      grunt_temple_overflow_diamond, gup_sewer_entry_glass, serial_glass,
          glass_columns_a, glass_columns_b, kennysheep_generic_room_3
Temple:   compressed_dpeg_triangle_lava_temple
Sewer:    sewer_minmay_w

Skill      XL: |  1  2  3  4  5  6  7 |
---------------+----------------------+-----
Unarmed Combat | 4 5 6 7 8 9 |  9.0
Fighting       | |  3.2
Armour         | |  1.7
Dodging        | |  0.8

Action                   |  1- 3 |  4- 6 |  7- 9 || total
-------------------------+-------+-------+-------++-------
Melee: Unarmed           |   129 |   191 |    89 ||   409
       Punch             |     2 |     6 |       ||     8
  Use: Potion            |       |       |     6 ||     6
  Eat: Chunk             |     6 |    16 |     9 ||    31
Armor: Leather armour    |    69 |    56 |    52 ||   177
Dodge: Dodged            |   100 |    92 |   105 ||   297

Vault maps used:
D:1:      doesnt_arrival_eight_statues, kennysheep_flooded_box,
          lemuel_old_faithful
D:2:      zin_statuary, kennysheep_slug_shrine, nicolae_overflow_hidden_temple
D:3:      old_standard_altar, uniq_natasha
D:4:      minmay_temple_entry_purple_smoke, serial_column_ruins,
          column_ruins_open_tiny, column_ruins_open_small,
          column_ruins_open_tiny, column_ruins_corridor_T,
          column_ruins_open_tiny, column_ruins_open_small, column_ruins_grid_1,
          first_bread, minmay_joined_circles
D:5:      grunt_temple_overflow_diamond, gup_sewer_entry_glass, serial_glass,
          glass_columns_a, glass_columns_b, kennysheep_generic_room_3
Temple:   compressed_dpeg_triangle_lava_temple
Sewer:    sewer_minmay_w

Table legend:
 A = Turns spent in this place as a percentage of turns spent in the entire game.
 B = Non-inter-level travel turns spent in this place as a percentage of non-inter-level travel turns spent in the entire game.
 C = Inter-level travel turns spent in this place as a percentage of turns spent in this place.
 D = Turns resting spent in this place as a percentage of non-inter-level travel turns spent in this place.
 E = Turns spent auto-exploring this place as a percentage of non-inter-level travel turns spent in this place.
 F = Non-inter-level travel turns spent in this place divided by the number of levels of this place that you've seen.
                   A       B       C       D       E      F
               +-------+-------+-------+-------+-------+----------------------
         Total | 100.0 | 100.0 |   0.2 |   0.5 |   8.2 | 234.3
       Dungeon |  91.2 |  91.2 |   0.3 |   0.5 |   8.8 | 299.0
        Temple |   0.1 |   0.1 |   0.0 |   0.0 |   0.0 |   1.0
         Sewer |   8.8 |   8.8 |   0.0 |   0.0 |   2.8 | 144.0
               +-------+-------+-------+-------+-------+----------------------

Table legend:
 A = Kills in this place as a percentage of kills in entire the game.
 B = Kills by you in this place as a percentage of kills by you in the entire game.
 C = Kills by friends in this place as a percentage of kills by friends in the entire game.
 D = Other kills in this place as a percentage of other kills in the entire game.
 E = Experience gained in this place as a percentage of experience gained in the entire game.
 F = Experience gained in this place divided by the number of levels of this place that you have seen.
                   A       B       C       D       E      F
               +-------+-------+-------+-------+-------+----------------------
         Total | 100.0 | 100.0 |  -nan |  -nan | 100.0 | 114.3
       Dungeon |  83.8 |  83.8 |  -nan |  -nan |  94.1 | 150.6
         Sewer |  16.2 |  16.2 |  -nan |  -nan |   5.9 |  47.0
               +-------+-------+-------+-------+-------+----------------------
